Map: [ESL] Altitude

Players

Krystianer

  • Race: Protoss Protoss
  • Spawn Location: 7:00

Reynor - Winner!

  • Race: Zerg Zerg
  • Spawn Location: 1:00

Event: ESL SC2 Masters 2023 Summer (Regionals)

VOD

Have the link to the VOD?

Description

Time

  • Played on: May 18, 2023, 10:56 a.m.
  • Length: 13:13

All games in this series

Show
View Real Time Build Order
Export as new Build Order

Krystianer Protoss 

Build Orders: 1 Gate Expand, Oracle Opening 

Get SALT Encoding   

  12  0:00  Probe  
  13  0:12  Probe  
  14  0:17  Pylon  
  14  0:24  Probe (Chrono Boost)  
  15  0:36  Probe (Chrono Boost)  
  15  0:39  Gateway  
  16  0:45  Probe (Chrono Boost)  
  16  0:47  Assimilator  
  17  0:50  Probe  
  18  1:03  Probe  
  19  1:15  Probe  
  20  1:25  Nexus  
  20  1:35  Cybernetics Core  
  20  1:39  Probe  
  21  1:43  Assimilator  
  21  1:51  Probe  
  21  1:54  Pylon  
  22  2:03  Probe  
  23  2:09  Adept (Chrono Boost)  
  23  2:15  Probe  
  26  2:19  Stargate  
  26  2:23  Warp Gate  
  26  2:28  Probe (Chrono Boost)  
  26  2:29  Adept (Chrono Boost)  
  29  2:38  Probe (Chrono Boost)  
  31  2:45  Probe (Chrono Boost)  
  31  2:47  Probe (Chrono Boost)  
  32  2:52  Probe x2 (Chrono Boost)  
  34  3:01  Oracle (Chrono Boost)  
  34  3:04  Probe x2  
  39  3:13  Pylon  
  39  3:16  Probe  
  39  3:17  Probe  
  39  3:19  Shield Battery  
  41  3:21  Stalker  
  43  3:28  Probe  
  43  3:29  Probe  
  45  3:40  Probe  
  44  3:41  Probe  
  45  3:52  Probe, Assimilator  
  45  3:54  Probe, Assimilator  
  45  4:00  Gateway  
  45  4:04  Probe  
  45  4:06  Probe  
  45  4:09  Stargate  
  47  4:11  Phoenix (Chrono Boost)  
  47  4:13  Pylon  
  47  4:16  Probe  
  50  4:18  Probe  
  51  4:28  Probe, Adept  
  51  4:29  Pylon  
  54  4:31  Probe  
  54  4:32  Phoenix (Chrono Boost)  
  54  4:36  Pylon  
  57  4:50  Nexus  
  57  4:52  Phoenix (Chrono Boost)  
  59  4:55  Pylon  
  59  4:56  Phoenix (Chrono Boost), Probe  
  59  4:58  Probe  
  63  5:02  Adept  
  63  5:06  Phoenix (Chrono Boost)  
  67  5:12  Probe  
  70  5:15  Probe  
  70  5:17  Phoenix (Chrono Boost)  
  71  5:24  Probe  
  71  5:27  Probe  
  71  5:28  Phoenix (Chrono Boost)  
  75  5:36  Probe  
  75  5:37  Twilight Council  
  75  5:39  Probe, Forge  
  77  5:47  Adept x2, Shield Battery  
  77  5:48  Probe  
  82  5:51  Probe  
  82  5:56  Gateway  
  83  5:58  Gateway  
  83  6:04  Probe x2 (Chrono Boost)  
  86  6:08  Protoss Ground Weapons Level 1 (Chrono Boost)  
  86  6:09  Probe (Chrono Boost)  
  86  6:10  Stalker x2  
  90  6:13  Probe (Chrono Boost)  
  90  6:16  Probe (Chrono Boost)  
  90  6:17  Probe (Chrono Boost)  
  93  6:18  Probe (Chrono Boost)  
  93  6:24  Blink (Chrono Boost)  
  93  6:25  Probe  
  93  6:39  Gateway  
  93  6:40  Gateway  
  93  6:44  Nexus  
  93  6:46  Pylon  
  93  6:50  Pylon  
  93  6:53  Probe x3  
  96  6:54  Pylon  
  96  6:55  Stalker x2  
  96  7:00  Pylon  
  100  7:05  Probe  
  100  7:07  Shield Battery  
  101  7:08  Stalker x2  
  101  7:10  Probe  
  101  7:14  Probe  
  101  7:15  Gateway  
  107  7:17  Probe  
  107  7:18  Gateway  
  108  7:23  Probe  
  108  7:27  Probe  
  108  7:32  Stalker x4  
  108  7:35  Probe  
  117  7:41  Protoss Ground Weapons Level 2, Stalker x2  
  121  7:47  Probe  
  121  7:48  Gateway  
  121  7:49  Gateway  
  122  7:51  Pylon  
  122  7:53  Pylon  
  122  7:55  Stalker x2  
  122  7:58  Stalker  
  128  8:02  Stalker  
  128  8:03  Photon Cannon  
  128  8:05  Charge (Chrono Boost)  
  130  8:08  Stalker x2  
  134  8:18  Forge  
  134  8:20  Probe x3  
  134  8:23  Stalker x3  
  143  8:30  Stalker x3  
  147  8:52  Protoss Ground Armor Level 1  
  147  8:55  Zealot x8  
  163  8:58  Pylon  
  163  8:59  Pylon  
  163  9:00  Nexus  
  161  9:06  Stalker  
  161  9:07  Stalker  
  163  9:12  Pylon  
  163  9:14  Pylon  
  161  9:17  Zealot x7  
  175  9:27  Probe  
  176  9:31  Pylon  
  176  9:39  Robotics Facility  
  176  9:44  Zealot  
  176  9:45  Zealot x7  
  182  9:46  Zealot  
  170  10:05  Stalker x9  
  170  10:06  Stalker  
  157  10:20  Probe  
  150  10:22  Probe x2, Stargate  
  150  10:24  Assimilator  
  150  10:25  Stargate  
  150  10:27  Fleet Beacon  
  150  10:28  Assimilator  
  142  10:30  Zealot x6  
  142  10:34  Observer (Chrono Boost)  
  153  10:37  Zealot x4  
  153  10:41  Probe, Photon Cannon  
  162  10:52  Probe  
  163  10:57  Probe  
  163  11:00  Assimilator  
  160  11:04  Assimilator  
  160  11:07  Photon Cannon  
  160  11:09  Carrier (Chrono Boost)  
  156  11:14  Zealot x7  
  178  11:20  Photon Cannon  
  178  11:22  Carrier (Chrono Boost)  
  178  11:23  Photon Cannon  
  170  11:30  Probe  
  159  11:33  Carrier (Chrono Boost)  
  170  11:40  Observer (Chrono Boost)  
  170  11:43  Carrier (Chrono Boost)  
  170  11:45  Zealot x6  
  150  11:56  Zealot x4  
  137  12:13  Zealot x6  
  146  12:21  Zealot x4  
  135  12:33  Zealot  
  135  12:34  Zealot x3  
  135  12:41  Zealot x3  
  135  12:43  Probe  
  109  12:50  Zealot  
  106  12:56  Zealot  
  106  12:57  Probe  
Show
View Real Time Build Order
Export as new Build Order

Reynor Zerg - Winner!

Build Orders: Hatch First, Lurkers 

Get SALT Encoding   

  12  0:00  Drone  
  13  0:11  Overlord  
  13  0:17  Drone  
  14  0:30  Drone x2  
  16  0:48  Hatchery  
  15  0:52  Drone  
  15  0:55  Drone  
  17  0:59  Drone  
  18  1:11  Extractor  
  17  1:15  Spawning Pool  
  16  1:18  Drone  
  16  1:21  Drone  
  18  1:27  Drone  
  19  1:38  Drone  
  20  1:48  Overlord  
  20  2:00  Drone x2  
  22  2:01  Queen x2  
  26  2:10  Zergling x2  
  26  2:12  Zergling x2  
  28  2:22  Drone x2  
  30  2:32  Drone  
  30  2:34  Drone  
  30  2:35  Hatchery  
  31  2:40  Metabolic Boost  
  31  2:43  Drone  
  32  2:46  Overlord  
  32  2:53  Queen  
  32  2:56  Zergling x2  
  32  2:57  Zergling x2  
  36  3:04  Drone x2  
  38  3:07  Queen  
  38  3:12  Overlord  
  40  3:13  Drone  
  40  3:16  Drone  
  40  3:18  Drone  
  43  3:21  Drone  
  43  3:30  Drone x2, Evolution Chamber  
  43  3:37  Drone  
  44  3:41  Queen  
  44  3:42  Drone  
  44  3:48  Drone, Queen  
  47  3:52  Drone  
  47  3:59  Drone  
  47  4:02  Drone  
  48  4:09  Drone x4  
  50  4:11  Drone x2  
  50  4:16  Drone x2  
  54  4:19  Overlord  
  54  4:22  Drone  
  55  4:28  Drone, Spore Crawler  
  55  4:32  Drone  
  55  4:33  Drone  
  55  4:38  Drone x4  
  59  4:42  Roach Warren  
  60  4:45  Overlord  
  60  4:50  Drone x2  
  62  4:53  Drone x2  
  62  4:54  Drone, Spore Crawler  
  62  4:55  Extractor  
  62  4:57  Drone  
  62  4:59  Drone  
  65  5:04  Overlord  
  65  5:08  Drone x3  
  65  5:09  Lair  
  67  5:14  Drone x2  
  67  5:15  Extractor  
  67  5:17  Overlord  
  67  5:20  Drone x4  
  71  5:23  Drone x2  
  71  5:24  Drone  
  71  5:27  Evolution Chamber  
  73  5:32  Roach x3  
  73  5:35  Queen  
  81  5:38  Overlord  
  81  5:41  Roach  
  83  5:44  Overlord  
  83  5:46  Roach  
  85  5:50  Extractor  
  85  5:51  Roach x2, Zergling x2  
  85  5:54  Overlord  
  85  5:55  Queen, Spore Crawler  
  90  5:58  Drone  
  90  5:59  Drone x2  
  90  6:02  Overlord, Spore Crawler  
  90  6:03  Drone  
  93  6:09  Drone x5  
  93  6:10  Drone  
  93  6:11  Drone  
  100  6:12  Drone  
  100  6:17  Overlord  
  98  6:21  Drone x4  
  98  6:24  Extractor  
  98  6:25  Extractor, Drone  
  96  6:28  Drone  
  96  6:29  Glial Reconstitution  
  96  6:30  Infestation Pit  
  96  6:35  Zerg Missile Weapons Level 1  
  96  6:36  Drone, Spore Crawler  
  96  6:38  Drone  
  98  6:40  Drone  
  98  6:41  Drone, Spore Crawler x2  
  98  6:45  Overlord  
  98  6:46  Drone  
  98  6:55  Overlord  
  98  6:58  Overlord  
  98  7:02  Overlord  
  98  7:03  Hatchery, Drone  
  98  7:05  Drone x2  
  100  7:08  Hive  
  100  7:15  Roach x2  
  104  7:22  Drone x2  
  105  7:23  Drone  
  105  7:27  Drone x2  
  106  7:31  Hydralisk Den  
  106  7:32  Roach x6  
  106  7:33  Overlord  
  117  7:37  Drone  
  117  7:39  Overlord  
  116  7:49  Roach x3  
  116  7:50  Overlord  
  122  7:56  Roach x2  
  122  7:57  Roach x2  
  122  7:58  Overlord  
  130  8:04  Roach x4  
  138  8:06  Overlord  
  138  8:07  Lurker Den  
  138  8:10  Ravager x3  
  138  8:11  Drone  
  138  8:12  Drone x4  
  144  8:14  Drone  
  144  8:15  Drone x2  
  144  8:18  Ravager x2  
  148  8:22  Drone  
  148  8:24  Overlord  
  148  8:26  Drone x2  
  151  8:27  Drone x2  
  151  8:31  Zergling x8  
  151  8:33  Roach  
  155  8:40  Hydralisk x2  
  155  8:41  Hydralisk  
  157  8:48  Hydralisk x3  
  157  8:49  Hydralisk  
  157  8:50  Extractor x2  
  163  8:56  Drone x3  
  163  9:01  Overlord  
  164  9:04  Queen  
  164  9:06  Lurker x3  
  164  9:07  Seismic Spines  
  164  9:08  Hydralisk x2  
  171  9:10  Adrenal Glands  
  171  9:11  Zerg Melee Weapons Level 1  
  171  9:12  Evolution Chamber  
  171  9:14  Drone x3  
  171  9:16  Lurker  
  173  9:21  Lurker  
  173  9:23  Overseer  
  174  9:29  Lurker  
  174  9:30  Zergling x18  
  181  9:32  Lurker  
  181  9:38  Hydralisk x2  
  179  9:41  Overlord  
  179  9:44  Overlord  
  179  9:48  Drone x5  
  161  10:00  Hydralisk x4, Zergling x2  
  161  10:01  Zergling x16  
  161  10:03  Zergling x4  
  171  10:11  Lurker x3  
  171  10:12  Hydralisk x2  
  171  10:13  Hydralisk  
  173  10:17  Drone x3  
  164  10:31  Adaptive Talons  
  164  10:33  Zergling x22  
  173  10:37  Lurker x2  
  173  10:38  Lurker  
  176  10:46  Queen  
  176  10:47  Hydralisk x3  
  176  10:49  Zergling x8  
  186  10:51  Zergling x8  
  186  10:52  Zergling x4  
  188  11:05  Zergling x2  
  188  11:06  Zergling x14  
  188  11:10  Hydralisk  
  195  11:11  Zergling x4  
  195  11:14  Zergling x6  
  200  11:20  Zergling x4  
  200  11:21  Zergling x2  
  198  11:32  Zergling x2  
  195  11:49  Hydralisk  
  195  11:50  Zergling x22  
  195  11:53  Hatchery  
  187  11:54  Hydralisk  
  187  11:55  Zergling x6  
  187  11:58  Hydralisk  
  188  12:01  Hydralisk x2  
  188  12:03  Hydralisk x2  
  188  12:04  Zergling x2  
  188  12:06  Hydralisk x2  
  188  12:07  Zergling x4  
  198  12:11  Spire  
  198  12:12  Hydralisk x2  
  198  12:14  Zergling x2  
  199  12:18  Hydralisk x2  
  198  12:23  Zergling x6  
  198  12:26  Hydralisk  
  198  12:28  Hydralisk x2  
  198  12:30  Hydralisk  
  198  12:31  Zergling x2  
  198  12:32  Zergling x4  
  198  12:36  Hydralisk  
  193  12:39  Zergling x6  
  186  12:44  Hydralisk x3, Hatchery  
  186  12:47  Hydralisk  
  191  12:52  Zergling x2  
Tags
 
Add a new tag
Caveats
  • Supply blocks, unpowered buildings, or Contaminate may cause inaccurate times.
  • Supply counts are checked every 10 seconds.